 Dungeon Crawl Stone Soup version 0.30-a0-930-gb9d0489357 (webtiles) character file.

Game seed: 5007054530008473401

13223 mopl the Martial Artist (level 12, -1/85 HPs)
             Began as a Djinni Transmuter on Mar 23, 2023.
             Was a High Priest of Okawaru.
             Slain by an orc warrior
             ... wielding a +0 halberd
              (16 damage)
             ... on level 11 of the Dungeon.
             The game lasted 00:23:10 (10278 turns).

mopl the Martial Artist (Djinni Transmuter)        Turns: 10278, Time: 00:23:11

Health: -1/85      AC:  6    Str: 13    XL:     12   Next: 30%
Gold:   554        EV: 26    Int: 15    God:    Okawaru [*****.] SH:  5 Dex: 20

rFire   . . .      SeeInvis .      - Unarmed
rCold   + . .      Faith    .    (shield currently unavailable)
rNeg    . . .      Spirit   .    R - melded +0 acid dragon scales
rPois   ∞          Reflect  +    b - melded +0 helmet
rElec   .          Rampage  .    I - melded +0 cloak
rCorr   .                        S - melded +0 pair of gloves of Evolution {+Inv}
Will    +....                    (boots unavailable)
Stlth   +++                      v - amulet of reflection
HPRegen 0.34/turn                m - +4 ring of protection
MPRegen 0.00/turn                D - ring of protection from cold

@: spider-form, heroic, wereblooded, flying
A: venomous fangs, flying, sickness immunity, tiny, (fire resistance 2), (cold
vulnerability 1), float, innate caster, HP casting, extra vitality 1
a: End Transformation, Renounce Religion, Heroism, Finesse, Duel


You were on level 11 of the Dungeon.
You worshipped Okawaru.
Okawaru was extremely pleased with you.
You were a venomous arachnid creature.
You visited 2 branches of the dungeon, and saw 12 of its levels.
You also visited: Sewer, Ossuary and Bailey.

You collected 752 gold pieces.
You spent 198 gold pieces at shops.

Inventory:

Hand Weapons
 o - a +2 rapier of venom
 u - a +0 eveningstar
Missiles
 k - 3 throwing nets
 w - 12 curare-tipped darts
 P - 3 atropa-tipped darts
 Q - 9 poisoned darts
Armour
 b - a +0 helmet (melded)
 l - a +3 chain mail of positive energy
 I - a +0 cloak (melded)
 O - a +2 leather armour of fire resistance
 R - +0 acid dragon scales (melded)
 S - the +0 pair of gloves of Evolution (melded) {+Inv}
   (Okawaru gifted it to you on level 8 of the Dungeon)

   +Inv:      It lets you turn invisible.
 T - the +3 leather armour of Goesuacw {+Inv rN++ Str+2}
   (You found it on level 9 of the Dungeon)

   Str:       It affects your strength (+2).
   rN:        It greatly protects you from negative energy.
   +Inv:      It lets you turn invisible.
Magical Staves
 e - a staff of death
 s - a staff of fire
 V - a staff of air
Jewellery
 m - a +4 ring of protection (left front pincers)
 v - an amulet of reflection (around neck)
 D - a ring of protection from cold (right front pincers)
Wands
 G - a wand of acid (5)
 H - a wand of roots (16)
 J - a wand of flame (18)
 W - a wand of mindburst (13)
Scrolls
 c - 3 scrolls of enchant armour {unknown}
 d - 4 scrolls of fear {unknown}
 f - 6 scrolls of blinking {unknown}
 g - 3 scrolls of noise {unknown}
 i - a scroll of torment {!r}
 p - 5 scrolls of enchant weapon {unknown}
 q - a scroll of brand weapon
 y - 3 scrolls of immolation {unknown}
 z - 6 scrolls of teleportation {unknown}
 A - 2 scrolls of magic mapping
 B - a scroll of vulnerability
 F - 3 scrolls of fog
 N - a scroll of silence {!r}
Potions
 h - 11 potions of curing
 j - a potion of invisibility
 n - 2 potions of lignification {!q}
 r - 2 potions of resistance
 t - 5 potions of mutation {!q}
 x - 2 potions of heal wounds
 C - a potion of cancellation
 E - 3 potions of might
 K - 2 potions of ambrosia
 L - 5 potions of brilliance
 M - 2 potions of berserk rage {!q}
 U - a potion of haste
Miscellaneous
 a - a phial of floods


   Skills:
 + Level 7.4(12.4) Fighting
 + Level 5.4(10.4) Throwing
 + Level 1.7(6.7) Armour
 + Level 3.1(8.1) Dodging
 * Level 12.0(17.0) Unarmed Combat
 + Level 6.5 Spellcasting
 + Level 7.3 Invocations


You knew the following spells:

 Your Spells              Type           Power      Damage    Failure   Level
a - Beastly Appendage     Tmut           48%        N/A       5%          1
b - Spider Form           Tmut/Pois      24%        N/A       11%         3
c - Tukima's Dance        Hex            24%        N/A       11%         3
d - Ice Form              Ice/Tmut       24%        N/A       24%         4
e - Scorch                Fire           48%        2d7       7%          2
f - Hailstorm             Conj/Ice       24%        3d7       11%         3
g - Kiss of Death         Conj/Necr      96%        2d12      5%          1
h - Dispel Undead         Necr           24%        3d12      24%         4
w - Wereblood             Tmut           24%        N/A       7%          2
Your spell library was empty.

Dungeon Overview and Level Annotations

Branches:
Dungeon (11/15)            Temple (1/1) D:4            Lair (0/5) D:10
  Sewer (visited)         Ossuary (visited)          Bailey (visited)
    Orc: D:9-12

Altars:
Cheibriados
Dithmenos
Elyvilon
Fedhas
Hepliaklqana
Okawaru
Qazlal
Trog
Wu Jian

Shops:
D:3 (   D:4 (!:[   D:7 *

Annotations:
D:4 dig


Innate Abilities, Weirdness & Mutations

You are a venomous arachnid creature.
You have venomous fangs.
You are tiny and dextrous.
You are flying.
Your spellcasting is less reliable in this form.
Your armour is entirely melded.
You are incapable of wielding weapons or throwing items.
You are immune to sickness and miasma.
You are immune to poison.
((Your flesh is very heat resistant. (rF++)))
((You are vulnerable to cold. (rC-)))
You float through the air rather than walking.
You learn spells naturally, not from books.
Your magical power is your life essence.
You have superior vitality. (+4 MHP)


Message History

Something hits you but does no damage. The orc misses you.
You bite something!
You hiss as the wereblood boils in your veins!
You hear an angry hiss.
You feel a bit better. Okawaru accepts your kill.
Reactivating autopickup.
You feel a bit more experienced. The warg closely misses you.
You bite the orc!
You feel a bit better.
You kill the orc!
A wyvern comes into view.
You block the orc's attack. The orc warrior closely misses you.
The warg completely misses you.
Unknown command.
You completely miss the orc. The orc barely misses you.
The orc warrior barely misses you. The warg completely misses you.
You barely miss the orc. The warg bites you!
The orc warrior hits you from afar with a +0 halberd!
* * * LOW HITPOINT WARNING * * *
The orc completely misses you.
You bite the orc!
You feel a bit better.
You kill the orc!
Okawaru accepts your kill. The warg barely misses you.
The orc warrior hits you from afar with a +0 halberd!
* * * LOW HITPOINT WARNING * * *
Okay, then.
Unknown command.
Unknown command.
Okay, then.
Unknown command.
Unknown command.
You feel much better. The warg closely misses you.
The orc warrior barely misses you.
You gain the combat prowess of a mighty hero.
The warg bites you. The wyvern bites you!
* * * LOW HITPOINT WARNING * * *
The warg closely misses you. The orc misses you.
The orc warrior hits you from afar with a +0 halberd!
You die...

..............o.
#....#..........
#..............
##.<...........
..##...##.........
...................
...........^.o.....
..........loh......
...........s)......
............)......
...................
...................
..................
.................
....##........#.
... ##.#......


You could see a warg, an orc warrior, a wyvern and an orc.

Vanquished Creatures
  2 vault guards (Bailey)
  A two-headed ogre (D:10)
  Maggie (D:10)
  An unseen horror (D:10)
  2 trolls
  2 polar bears (D:8)
  Prince Ribbit (Bailey)
  A vampire (D:10)
  A wyvern (D:9)
  19 yaks
  A steam dragon (D:7)
  4 humans (Bailey)
  Edmund (D:4)
  An acid dragon (D:9)
  A water moccasin (D:9)
  5 ice beasts
  5 orc warriors
  2 black bears
  4 ogres
  6 centaurs
  A phantom (D:5)
  A kobold brigand (D:8)
  15 bullfrogs
  A scorpion (D:5)
  13 wights
  11 killer bees
  An electric eel (D:8)
  7 howler monkeys
  5 orc priests
  Crazy Yiuf (D:4)
  A gnoll bouda (D:10)
  5 hounds
  A jelly (D:7)
  An iguana (D:4)
  6 orc wizards
  2 sleepcaps
  Terence (D:2)
  13 mummies (Ossuary)
  A killer bee simulacrum (D:8)
  12 adders
  16 gnolls
  3 river rats (Sewer)
  A shadow imp (D:5)
  A howler monkey simulacrum (D:8)
  3 white imps
  3 ufetubi (D:8)
  A worm (D:3)
  4 dart slugs
  27 orcs
  6 ball pythons
  8 endoplasms
  7 giant cockroaches
  9 goblins
  5 hobgoblins
  3 jackals (D:3)
  10 quokkas
  6 bats
  8 frilled lizards
  A gnoll skeleton (Ossuary)
  8 kobolds
  4 kobold skeletons (Ossuary)
  3 orc skeletons (Ossuary)
  12 rats
  11 rat skeletons (Ossuary)
320 creatures vanquished.

Vanquished Creatures (others)
  2 orc wizards (D:10)
  14 fungi
  15 plants
31 creatures vanquished.

Grand Total: 351 creatures vanquished

Notes
Turn   | Place    | Note
-------+----------+-------------------------------------------
     0 | D:1      | mopl the Djinni Transmuter began the quest for the Orb.
     0 | D:1      | mopl set off with the following spells memorised: Beastly
                  | Appendage, Wereblood, Spider Form, Ice Form.
     0 | D:1      | Reached XP level 1. HP: 17/17 MP: 0/0
    72 | D:1      | Reached XP level 2. HP: 13/22 MP: 0/0
   388 | D:1      | Reached skill level 2 in Spellcasting
   388 | D:1      | Reached XP level 3. HP: 14/27 MP: 0/0
   388 | D:1      | Learned a level 1 spell: Kiss of Death
   886 | D:2      | Reached skill level 4 in Unarmed Combat
   894 | D:2      | Reached XP level 4. HP: 19/32 MP: 0/0
   895 | D:2      | Found a faded altar of an unknown god.
  1182 | D:2      | Noticed Terence
  1213 | D:2      | Killed Terence
  1689 | D:3      | Reached XP level 5. HP: 37/37 MP: 0/0
  1689 | D:3      | Learned a level 2 spell: Scorch
  1800 | D:3      | Found Xiyrel's Weapon Emporium.
  1824 | D:3      | Reached skill level 5 in Unarmed Combat
  1847 | D:3      | Bought 6 curare-tipped darts for 72 gold pieces
  2084 | D:3      | Found a bloodstained altar of Trog.
  2278 | D:3      | Reached XP level 6. HP: 42/42 MP: 0/0
  2545 | D:4      | Found a staircase to the Ecumenical Temple.
  2565 | Temple   | Entered the Ecumenical Temple
  2572 | Temple   | Became a worshipper of Warmaster Okawaru
  2603 | D:4      | Found a glowing drain.
  2622 | Sewer    | Entered a sewer
  2906 | Sewer    | Reached skill level 3 in Spellcasting
  3004 | D:4      | Found Uthru's Antique Armour Shoppe.
  3023 | D:4      | Found Cuseakk's Book Shoppe.
  3045 | D:4      | Found Geurre's Distillery.
  3068 | D:4      | Bought a potion of attraction for 42 gold pieces
  3068 | D:4      | Bought a potion of curing for 42 gold pieces
  3068 | D:4      | Bought a potion of lignification for 42 gold pieces
  3070 | D:4      | Found Ruri's Antique Weapon Shop.
  3071 | D:4      | Noticed an ogre
  3081 | D:4      | Killed an ogre
  3082 | D:4      | Reached skill level 6 in Unarmed Combat
  3082 | D:4      | Reached skill level 1 in Invocations
  3082 | D:4      | Reached XP level 7. HP: 46/48 MP: 0/0
  3082 | D:4      | Learned a level 3 spell: Hailstorm
  3099 | D:4      | Reached * piety under Okawaru
  3100 | D:4      | Reached skill level 2 in Fighting
  3474 | D:4      | Noticed Edmund
  3486 | D:4      | Killed Edmund
  3487 | D:4      | Reached skill level 2 in Invocations
  3582 | D:4      | Found a runed translucent door.
  3583 | D:4      | Noticed Crazy Yiuf
  3590 | D:4      | Killed Crazy Yiuf
  3638 | D:5      | Entered Level 5 of the Dungeon
  3724 | D:5      | Reached XP level 8. HP: 32/55 MP: 0/0
  3930 | D:5      | Reached skill level 3 in Fighting
  3930 | D:5      | Reached skill level 7 in Unarmed Combat
  4157 | D:5      | Found an ornate altar of the Wu Jian Council.
  4366 | D:5      | Reached skill level 3 in Invocations
  4699 | D:6      | Found a sand-covered staircase.
  4705 | Ossuary  | Entered an ossuary
  4789 | Ossuary  | Reached ** piety under Okawaru
  4790 | Ossuary  | Reached skill level 4 in Spellcasting
  5249 | D:6      | Reached XP level 9. HP: 57/62 MP: 0/0
  5249 | D:6      | Learned a level 3 spell: Tukima's Dance
  5257 | D:6      | Reached skill level 1 in Throwing
  5314 | D:6      | Reached skill level 4 in Fighting
  5314 | D:6      | Reached skill level 8 in Unarmed Combat
  5408 | D:6      | Reached skill level 4 in Invocations
  5558 | D:6      | Reached *** piety under Okawaru
  5785 | D:7      | Reached skill level 2 in Throwing
  5828 | D:7      | Received a gift from Okawaru
  6031 | D:7      | Found Houtucep's Lightly-Used Armoury.
  6078 | D:7      | Reached skill level 9 in Unarmed Combat
  6350 | D:7      | Found a stormy altar of Qazlal.
  6538 | D:8      | Reached XP level 10. HP: 56/69 MP: 0/0
  6551 | D:8      | Reached skill level 5 in Fighting
  6566 | D:8      | Reached **** piety under Okawaru
  6567 | D:8      | Reached skill level 3 in Throwing
  6567 | D:8      | Reached skill level 5 in Spellcasting
  6567 | D:8      | Reached skill level 5 in Invocations
  6648 | D:8      | Reached skill level 10 in Unarmed Combat
  6693 | D:8      | Found a flagged portal.
  6700 | Bailey   | Entered a bailey
  6994 | Bailey   | Reached skill level 6 in Fighting
  6995 | Bailey   | Reached ***** piety under Okawaru
  7009 | Bailey   | Reached skill level 4 in Throwing
  7009 | Bailey   | Reached XP level 11. HP: 54/76 MP: 0/0
  7009 | Bailey   | Learned a level 4 spell: Dispel Undead
  7049 | Bailey   | Noticed Prince Ribbit
  7049 | Bailey   | Noticed a vault guard
  7072 | Bailey   | Killed a vault guard
  7073 | Bailey   | Reached skill level 6 in Invocations
  7085 | Bailey   | Killed Prince Ribbit
  7190 | Bailey   | Noticed a vault guard
  7210 | Bailey   | Killed a vault guard
  7341 | D:8      | Reached skill level 11 in Unarmed Combat
  7672 | D:8      | Reached skill level 6 in Spellcasting
  7712 | D:8      | Identified the +0 pair of gloves of Evolution {+Inv}
                  | (Okawaru gifted it to you on level 8 of the Dungeon)
  7712 | D:8      | Received a gift from Okawaru
  7874 | D:8      | Found a shadowy altar of Dithmenos.
  8413 | D:9      | Identified the +3 leather armour of Goesuacw {+Inv rN++
                  | Str+2}
  8493 | D:9      | Reached skill level 7 in Fighting
  8670 | D:9      | Reached skill level 5 in Throwing
  8684 | D:9      | Reached skill level 7 in Invocations
  8730 | D:9      | Reached XP level 12. HP: 56/85 MP: 0/0
  8841 | D:10     | Entered Level 10 of the Dungeon
  8869 | D:10     | Noticed Maggie
  8882 | D:10     | Killed Maggie
  9030 | D:10     | Reached skill level 1 in Armour
  9551 | D:10     | Noticed a two-headed ogre
  9560 | D:10     | Killed a two-headed ogre
  9561 | D:10     | Reached skill level 12 in Unarmed Combat
  9620 | D:10     | Reached skill level 3 in Dodging
  9992 | D:10     | Found a staircase to the Lair.
 10278 | D:11     | Slain by an orc warrior

Illustrated notes

Levels and vault maps discovered:
D:1:      moated_graveyard_arrival, layout_rooms
D:2:      layout_basic, dreamdust_ecumenical_altar_angels_and_demons,
          minmay_misc_feat_chi, uniq_terence
D:3:      minmay_wonky_spiral, layout_loops_corners,
          nicolae_overflow_crystal_walls, serial_shops,
          nicolae_shop_advertising_works [nicolae_subvault_shop_adworks]
D:4:      layout_rooms, minmay_temple_entry_gardened_gates, serial_glass,
          glass_columns_a, glass_columns_b, serial_shops,
          nicolae_inconvenience_store, shop, nicolae_square_shop,
          nicolae_shop_overgrown_old_shop, gup_sewer_entry_pipe,
          lightli_corner_chamber, uniq_edmund, uniq_crazy_yiuf_cottage
D:5:      layout_loops_corners, lemuel_crystal_altar
D:6:      layout_cave_pools, enter_ossuary_5
D:7:      layout_rooms, nicolae_qazlal_general_emergency, minmay_shop_damaged
D:8:      layout_rooms, overflow_temple_1_default, enter_bailey_3, serial_ice,
          serial_ice_m, serial_ice_k, serial_ice_o, serial_ice_a, serial_ice_n,
          serial_ice_b, serial_ice_e
D:9:      layout_rooms, supply_closet_lemuel
D:10:     layout_loops_ring, grunt_lair_entry_orc_guard_hut,
          grunt_ministairs_11, uniq_maggie
D:11:     layout_cross, david_orc_3
Temple:   compressed_dpeg_circular_temple

Skill      XL: |  1  2  3  4  5  6  7  8  9 10 11 12 |
---------------+-------------------------------------+-----
Spellcasting   | 2 3 4 5 6 |  6.5
Unarmed Combat | 4 5 6 7 9 10 11 12 | 12.0
Invocations    | 1 2 3 4 5 7 |  7.3
Fighting       | 2 3 4 6 7 |  7.4
Throwing       | 2 4 5 |  5.4
Armour         | 1 |  1.7
Dodging        | 3 |  3.1

Action                     |  1- 3 |  4- 6 |  7- 9 | 10-12 || total
---------------------------+-------+-------+-------+-------++-------
  Melee: Unarmed           |    80 |    51 |   213 |   509 ||   853
         Headbutt          |     5 |     1 |       |       ||     6
         Punch             |     1 |     6 |    11 |    19 ||    37
         Rapier            |       |   135 |   140 |    21 ||   296
  Throw: Dart              |       |       |       |     2 ||     2
   Cast: Beastly Appendage |    12 |     3 |       |       ||    15
         Spider Form       |     1 |     4 |    22 |    19 ||    46
         Wereblood         |       |       |     1 |    13 ||    14
         Ice Form          |       |       |     1 |     5 ||     6
 Invoke: Heroism           |       |       |     3 |     9 ||    12
  Evoke: Wand              |       |       |       |     3 ||     3
    Use: Potion            |     1 |       |       |     3 ||     4
         Scroll            |       |       |    13 |     6 ||    19
   Stab: Sleeping          |       |     7 |     3 |       ||    10
 Armour: Robe              |    10 |    44 |    32 |    35 ||   121
         Skin              |       |     1 |    14 |    42 ||    57
         Acid dragon scale |       |       |       |    35 ||    35
  Dodge: Dodged            |    52 |   107 |   182 |   310 ||   651
  Block: Other             |       |    36 |    74 |   109 ||   219
         Reflection        |       |       |     4 |       ||     4

Table legend: (Time is in decaauts)
 A = Elapsed time spent in this place.
 B = Non-inter-level travel time spent in this place.
 C = Inter-level travel time spent in this place.
 D = Time resting spent in this place.
 E = Time spent auto-exploring this place.
 F = Levels seen in this place.
 G = Mean time per level.
                   A        B        C        D        E       F      G
               +--------+--------+--------+--------+--------+-----+--------+
         Total |  10176 |   9706 |    470 |   1980 |   4987 |  15 |  678.4 |
       Dungeon |   8714 |   8251 |    463 |   1521 |   4659 |  11 |  792.2 |
        Temple |     14 |      7 |      7 |      0 |      0 |   1 |   14.0 |
         Sewer |    348 |    348 |      0 |     74 |    160 |   1 |  348.0 |
       Ossuary |    506 |    506 |      0 |    116 |    153 |   1 |  506.0 |
        Bailey |    592 |    592 |      0 |    269 |     15 |   1 |  592.0 |
               +--------+--------+--------+--------+--------+-----+--------+

Top non-repeatable levels by time:
    D:10: 1380 daAuts
     D:5: 1017 daAuts
     D:2: 962 daAuts
     D:3: 878 daAuts
     D:9: 833 daAuts
     D:8: 816 daAuts
     D:4: 741 daAuts
     D:7: 736 daAuts
     D:1: 706 daAuts
     D:6: 620 daAuts
  Bailey: 592 daAuts
 Ossuary: 506 daAuts
   Sewer: 348 daAuts
    D:11: 22 daAuts
  Temple: 14 daAuts
